 Dungeon Crawl Stone Soup version 0.20.2-3-g29329e0561 (webtiles) character file.

2723 Alfie the Slicer (level 9, -14/78 HPs)
             Began as a Hill Orc Fighter on July 7, 2023.
             Demolished by an ogre
             ... wielding a +0 giant club
              (24 damage)
             ... on level 8 of the Dungeon on July 11, 2023.
             The game lasted 00:21:46 (5690 turns).

Alfie the Slicer (Hill Orc Fighter)                 Turns: 5690, Time: 00:21:46

Health: -14/78     AC: 15    Str: 22    XL:     9   Next: 66%
Magic:  9/9        EV:  9    Int: 13    God:
Gold:   377        SH: 10    Dex: 10    Spells: 8/8 levels left

rFire    + + .     SeeInvis .   a - +2 rapier
rCold    . . .     Gourm    .   c - +0 shield
rNeg     . . .     Faith    .   b - +1 scale mail
rPois    .         Spirit   .   x - +0 helmet
rElec    .         Reflect  .   h - +0 cloak
rCorr    .         Harm     .   r - +0 pair of gloves
MR       .....     NoTele   +   w - +1 pair of boots
Stlth    ..........             (no amulet)
Regen    0.3/turn               l - ring of protection from fire
MPRegen  0.2/turn               y - ring "Cehuex" {-Tele rF+ Int+5}

@: lethally poisoned (-14 -> -15), very slightly contaminated
A: no striking features
a: no special abilities


You were on level 8 of the Dungeon.
You were not hungry.

You visited 1 branch of the dungeon, and saw 8 of its levels.

You collected 377 gold pieces.

Inventory:

Hand Weapons
 a - a +2 rapier (weapon)
Armour
 b - a +1 scale mail (worn)
 c - a +0 shield (worn)
 h - a +0 cloak (worn)
 r - a +0 pair of gloves (worn)
 w - a +1 pair of boots (worn)
 x - a +0 helmet (worn)
Jewellery
 l - a ring of protection from fire (left hand)
 m - a +3 ring of dexterity
 p - an uncursed ring of protection from cold {unknown}
 q - an uncursed ring of poison resistance {unknown}
 y - the ring "Cehuex" (right hand) {-Tele rF+ Int+5}
   (You found it on level 7 of the Dungeon)

   [ring of protection from fire]

   It affects your intelligence (+5).
   It protects you from fire.
   It prevents most forms of teleportation.
Wands
 n - a wand of acid (10/15)
Scrolls
 j - 4 scrolls of amnesia
 k - 5 scrolls of remove curse
 A - a scroll of identify
Potions
 d - a potion of resistance {unknown}
 g - a potion of lignification
 o - a potion of cancellation {unknown}
 t - a potion of heal wounds
 u - 2 potions of agility {unknown}
 z - a potion of ambrosia {unknown}
Books
 v - a book of Conjurations

   Spells                             Type                      Level
   a - Magic Dart                     Conjuration                  1
   b - Searing Ray                    Conjuration                  2
   c - Dazzling Spray                 Conjuration/Hexes            3
   d - Fulminant Prism                Conjuration/Hexes            4
   e - Force Lance                    Conjuration/Translocation    4
   f - Iskenderun's Mystic Blast      Conjuration                  4
Comestibles
 f - 8 bread rations
 i - 4 meat rations
 s - a royal jelly


   Skills:
 + Level 6.8 Fighting
 + Level 8.2 Short Blades
 + Level 6.6 Armour
 + Level 3.1 Dodging
 + Level 1.0 Stealth
 + Level 7.0 Shields
 + Level 0.6 Evocations


You had 8 spell levels left.
You didn't know any spells.

Dungeon Overview and Level Annotations

Branches:
Dungeon (8/15)             Temple (0/1) D:5
   Lair: D:8-11

Altars:
Gozag
Okawaru
Sif Muna
Trog


Message History

* * * LOW HITPOINT WARNING * * *
A killer bee comes into view.
The killer bee buzzes angrily.
The hippogriff screeches!
There is an open door here.
You flicker back into view.
The killer bee buzzes angrily.
The hippogriff screeches!
You open the door.
You feel sick.
A killer bee comes into view.
The killer bee buzzes angrily.
The two-headed ogre closely misses you.
The two-headed ogre hits you with a giant spiked club!
* * * LOW HITPOINT WARNING * * *
Found a scroll of teleportation and 3 large rocks. 2 killer bees and an ogre come into view.
There is an open door, spattered with blood here.
Okay, then.
The ogre shouts!
You feel sick. The ogre hits you with a giant club!!
You die...

########################
....#.....#.............
....#.....#...........(.
<...#...(.#.............
....#.....#.....@.......
....#.....#....OyO......
....#.)...#....yOy...?..
....#.(.O.'.............
.##.##(##.##y##y..##....
.##'##)#####.##y### ....
..#...((.....H'...# ...
. #...........#...# ..
..#...........#.......


You could see a two-headed ogre, 2 ogres and 6 killer bees.

Vanquished Creatures
  The ghost of Alfie the Covered, an amateur HOFi (D:5)
  Grinder (D:6)
  Sigmund (D:2)
  A hungry ghost (D:7)
  Eustachio (D:6)
  An ice beast (D:5)
  A black bear (D:7)
  An ogre (D:5)
  4 centaurs
  3 bullfrogs
  A wyvern skeleton (D:7)
  2 scorpions
  A killer bee (D:8)
  3 wights (D:7)
  2 crimson imps
  3 jellies (D:2)
  A centaur skeleton (D:4)
  4 orc wizards
  An orc priest (D:6)
  A bullfrog skeleton (D:7)
  2 iguanas
  A worker ant (D:7)
  7 gnolls
  10 adders
  4 shadow imps
  9 oozes
  2 adder zombies
  3 worms
  2 dart slugs
  4 leopard geckos
  18 orcs
  2 bat zombies (D:2)
  5 giant cockroaches
  4 hobgoblins
  8 jackals
  3 quokkas
  2 ball pythons
  11 bats
  4 frilled lizards
  9 goblins
  A jackal skeleton (D:4)
  18 kobolds
  5 rats
168 creatures vanquished.

Vanquished Creatures (others)
  A quokka (D:5)
  8 toadstools (D:2)
9 creatures vanquished.

Grand Total: 177 creatures vanquished

Notes
Turn   | Place    | Note
-------+----------+-------------------------------------------
     0 | D:1      | Alfie the Hill Orc Fighter began the quest for the Orb.
     0 | D:1      | Reached XP level 1. HP: 19/19 MP: 1/1
   120 | D:1      | Reached XP level 2. HP: 23/27 MP: 2/2
   411 | D:1      | Reached XP level 3. HP: 31/33 MP: 3/3
   772 | D:2      | Found a bloodstained altar of Trog.
   883 | D:2      | Noticed Sigmund
   892 | D:2      | Killed Sigmund
   892 | D:2      | Reached skill level 3 in Short Blades
   892 | D:2      | Reached XP level 4. HP: 41/41 MP: 4/4
   892 | D:2      | Reached XP level 5. HP: 47/47 MP: 5/5
  1017 | D:2      | Reached skill level 4 in Short Blades
  1017 | D:2      | Reached XP level 6. HP: 41/53 MP: 6/6
  1028 | D:2      | Reached skill level 1 in Dodging
  2010 | D:3      | Found an iron altar of Okawaru.
  2212 | D:3      | Reached skill level 5 in Short Blades
  2212 | D:3      | Reached XP level 7. HP: 53/60 MP: 7/7
  2463 | D:3      | Reached skill level 5 in Fighting
  3207 | D:5      | Entered Level 5 of the Dungeon
  3213 | D:5      | Found a staircase to the Ecumenical Temple.
  3275 | D:5      | Noticed Alfie's ghost (amateur HOFi)
  3281 | D:5      | Reached skill level 5 in Shields
  3339 | D:5      | Killed Alfie's ghost
  3339 | D:5      | Reached skill level 6 in Short Blades
  3339 | D:5      | Reached XP level 8. HP: 18/69 MP: 8/8
  3856 | D:5      | Reached skill level 5 in Armour
  4054 | D:6      | Noticed Eustachio
  4084 | D:6      | Killed Eustachio
  4477 | D:6      | Noticed Grinder
  4488 | D:6      | Paralysed by Grinder for 2 turns
  4809 | D:6      | Reached skill level 7 in Short Blades
  4891 | D:6      | Found an opulent altar of Gozag.
  4921 | D:6      | Killed Grinder
  4921 | D:6      | Reached XP level 9. HP: 44/78 MP: 9/9
  5189 | D:7      | Got a steaming golden ring
  5196 | D:7      | Identified the ring "Cehuex" {-Tele rF+ Int+5} (You found it on level 7 of the Dungeon)
  5291 | D:7      | Reached skill level 1 in Stealth
  5493 | D:7      | Reached skill level 8 in Short Blades
  5529 | D:7      | Found a deep blue altar of Sif Muna.
  5641 | D:8      | Noticed a two-headed ogre
  5690 | D:8      | Demolished by an ogre

Skill      XL: |  1  2  3  4  5  6  7  8  9 |
---------------+----------------------------+-----
Fighting       | 4 5 6 |  6.8
Short Blades   | 3 4 5 6 7 8 |  8.2
Armour         | 4 5 6 |  6.6
Shields        | 4 5 6 7 |  7.0
Dodging        | 1 2 3 |  3.1
Stealth        | 1 |  1.0
Evocations     | |  0.6

Action                   |  1- 3 |  4- 6 |  7- 9 || total
-------------------------+-------+-------+-------++-------
Melee: Rapier            |   134 |   240 |   495 ||   869
Evoke: Wand              |       |       |     4 ||     4
  Use: Potion            |     1 |     1 |     9 ||    11
       Scroll            |       |     3 |    14 ||    17
 Stab: Invisible         |       |       |     2 ||     2
  Eat: Royal jelly       |       |     1 |     1 ||     2
       Bread ration      |       |     1 |     2 ||     3
       Fruit             |       |       |     4 ||     4
       Chunk             |       |       |     1 ||     1
Armor: Scale mail        |    68 |   114 |   184 ||   366
       Skin              |       |       |     7 ||     7
Dodge: Dodged            |    45 |    79 |   152 ||   276
Block: Shield            |    92 |   112 |   213 ||   417
